[ AOE2 MATCH · #508094530 ]
UnrankedTupi vs Malians
Player's team · LOSS
Rival team · WIN
[ REPLAY ANALYSIS · EXTRACTED FROM THE RECORDED GAME ]
Feudal
11:05
Castle
17:09
Imperial
40:35
| APM avg | 59.3 |
| APM peak | 123 |
| eAPM avg | 25.7 |
| Villagers / military | 164 / 6 |
Focus
⚔️ 44.4% · 🌾 55.6%
Unknown (2579) ×234 · Unknown (2626) ×13 · Fishing Ship ×10 · Trebuchet (Packed) ×6
Feudal
9:51
Castle
18:48
Imperial
39:36
| APM avg | 76.0 |
| APM peak | 132 |
| eAPM avg | 35.0 |
| Villagers / military | 180 / 307 |
Focus
⚔️ 37.3% · 🌾 62.7%
Knight ×156 · Skirmisher ×123 · Fishing Ship ×28 · Scout Cavalry ×7 · Unknown (2626) ×5 · Monk ×4
Match map
Initial resources + every placement click. Lines = walls · curves = elevation contours. ◆ gold · ⬟ stone · ● berries · ✦ relic · ◌ wall gap
Your base· Open — unwalled flank
uel's base· Open — unwalled flank
Smoothed initial terrain · ◌ = detected wall gap · hover for details
Inputs per minute
— Dakar1 - - uel
Build order — Dakar1
First 150 of 544 actions detected
| 0:00 | Queue | Villager (Male) |
| 0:00 | Queue | Villager (Male) |
| 0:01 | Queue | Villager (Male) |
| 0:02 | Build | House |
| 0:03 | Build | House |
| 0:07 | Queue | Villager (Male) |
| 0:59 | Queue | Villager (Male) |
| 0:59 | Queue | Villager (Male) |
| 1:48 | Build | Settlement |
| 1:52 | Queue | Villager (Male) |
| 1:52 | Queue | Villager (Male) |
| 2:07 | Build | Settlement |
| 2:23 | Queue | Villager (Male) |
| 2:24 | Queue | Villager (Male) |
| 2:24 | Queue | Villager (Male) |
| 2:57 | Queue | Villager (Male) |
| 2:57 | Queue | Villager (Male) |
| 2:57 | Queue | Villager (Male) |
| 3:22 | Queue | Villager (Male) |
| 3:23 | Queue | Villager (Male) |
| 4:05 | Queue | Villager (Male) |
| 4:05 | Queue | Villager (Male) |
| 4:05 | Queue | Villager (Male) |
| 4:15 | Build | Dock |
| 4:22 | Build | Dock |
| 4:26 | Queue | Villager (Male) |
| 4:27 | Queue | Villager (Male) |
| 5:10 | Queue | Villager (Male) |
| 5:11 | Queue | Villager (Male) |
| 5:13 | Queue | Fishing Ship |
| 5:13 | Queue | Fishing Ship |
| 5:34 | Queue | Villager (Male) |
| 5:34 | Queue | Villager (Male) |
| 5:35 | Queue | Villager (Male) |
| 5:58 | Build | House |
| 6:04 | Build | House |
| 6:09 | Research | Loom |
| 6:12 | Queue | Villager (Male) |
| 6:14 | Queue | Fishing Ship |
| 6:45 | Queue | Villager (Male) |
| 7:00 | Build | Settlement |
| 7:28 | Queue | Villager (Male) |
| 7:38 | Queue | Fishing Ship |
| 7:48 | Queue | Villager (Male) |
| 8:20 | Queue | Villager (Male) |
| 8:29 | Queue | Fishing Ship |
| 8:33 | Build | House |
| 8:37 | Build | Palisade Wall |
| 8:49 | Build | Palisade Wall |
| 8:51 | Build | Palisade Wall |
| 8:56 | Research | Feudal Age |
| 8:56 | Research | Feudal Age |
| 9:22 | Build | Palisade Wall |
| 9:32 | Build | Palisade Wall |
| 9:33 | Build | Palisade Wall |
| 9:34 | Build | Palisade Wall |
| 9:53 | Build | Palisade Wall |
| 9:54 | Build | Palisade Wall |
| 10:12 | Build | Settlement |
| 10:38 | Queue | Villager (Male) |
| 10:38 | Queue | Villager (Male) |
| 10:52 | Build | House |
| 11:05 | Age | Feudal Age |
| 11:09 | Queue | Villager (Male) |
| 11:28 | Build | Blacksmith |
| 12:03 | Build | Watch Tower |
| 12:08 | Queue | Villager (Male) |
| 12:08 | Queue | Villager (Male) |
| 12:13 | Build | House |
| 12:59 | Build | Palisade Wall |
| 13:01 | Build | Palisade Wall |
| 13:05 | Queue | Villager (Male) |
| 13:12 | Build | Market |
| 13:18 | Queue | Villager (Male) |
| 13:29 | Build | Stone Wall |
| 13:30 | Build | Stone Wall |
| 13:31 | Build | Stone Wall |
| 13:50 | Build | House |
| 13:57 | Build | House |
| 13:59 | Build | Palisade Wall |
| 14:08 | Build | House |
| 14:24 | Research | Fletching |
| 14:29 | Research | Castle Age |
| 14:29 | Research | Castle Age |
| 14:47 | Build | Settlement |
| 14:55 | Build | Farm |
| 14:56 | Build | Farm |
| 14:59 | Build | Farm |
| 15:02 | Build | Farm |
| 15:05 | Build | Farm |
| 15:09 | Build | Farm |
| 15:13 | Build | Farm |
| 15:31 | Build | House |
| 15:41 | Research | Fletching |
| 15:41 | Research | Fletching |
| 16:12 | Build | Watch Tower |
| 16:25 | Build | House |
| 17:09 | Age | Castle Age |
| 17:25 | Build | Castle |
| 17:43 | Queue | Villager (Male) |
| 17:43 | Queue | Villager (Male) |
| 17:43 | Queue | Villager (Male) |
| 18:00 | Build | Dock |
| 18:02 | Queue | Villager (Male) |
| 18:17 | Queue | Villager (Male) |
| 18:17 | Queue | Villager (Male) |
| 18:27 | Queue | Unit 2579 |
| 18:27 | Queue | Unit 2579 |
| 18:51 | Queue | Unit 2579 |
| 18:51 | Queue | Unit 2579 |
| 18:52 | Queue | Unit 2579 |
| 19:02 | Queue | Unit 2626 |
| 19:06 | Build | Farm |
| 19:30 | Queue | Villager (Male) |
| 19:30 | Queue | Villager (Male) |
| 19:31 | Queue | Villager (Male) |
| 19:33 | Queue | Unit 2579 |
| 19:33 | Queue | Unit 2579 |
| 19:44 | Queue | Villager (Male) |
| 19:45 | Queue | Villager (Male) |
| 19:47 | Queue | Unit 2579 |
| 19:47 | Queue | Unit 2579 |
| 20:05 | Queue | Villager (Male) |
| 20:06 | Queue | Villager (Male) |
| 20:24 | Queue | Unit 2579 |
| 20:24 | Queue | Unit 2579 |
| 20:25 | Queue | Unit 2579 |
| 20:25 | Queue | Unit 2579 |
| 20:39 | Queue | Unit 2579 |
| 20:39 | Queue | Unit 2579 |
| 20:40 | Queue | Villager (Male) |
| 20:40 | Queue | Villager (Male) |
| 20:58 | Queue | Unit 2626 |
| 20:58 | Queue | Unit 2626 |
| 21:04 | Queue | Unit 2579 |
| 21:04 | Queue | Unit 2579 |
| 21:06 | Queue | Villager (Male) |
| 21:12 | Queue | Fishing Ship |
| 21:27 | Research | Bodkin Arrow |
| 21:28 | Research | Bodkin Arrow |
| 21:31 | Queue | Unit 2579 |
| 21:31 | Queue | Unit 2579 |
| 21:37 | Queue | Villager (Male) |
| 21:38 | Queue | Villager (Male) |
| 21:39 | Queue | Unit 2579 |
| 21:39 | Queue | Unit 2579 |
| 21:42 | Queue | Fishing Ship |
| 22:19 | Queue | Unit 2626 |
| 22:29 | Queue | Unit 2579 |
| 22:30 | Queue | Villager (Male) |
Build order — uel
First 150 of 743 actions detected
| 0:00 | Queue | Villager (Male) |
| 0:01 | Queue | Villager (Male) |
| 0:01 | Queue | Villager (Male) |
| 0:02 | Build | House |
| 0:03 | Build | House |
| 0:19 | Queue | Villager (Male) |
| 0:19 | Queue | Villager (Male) |
| 1:26 | Queue | Villager (Male) |
| 1:45 | Build | Lumber Camp |
| 1:49 | Queue | Villager (Male) |
| 1:49 | Queue | Villager (Male) |
| 2:14 | Queue | Villager (Male) |
| 2:49 | Queue | Villager (Male) |
| 2:49 | Queue | Villager (Male) |
| 3:11 | Queue | Villager (Male) |
| 3:32 | Build | House |
| 3:38 | Queue | Villager (Male) |
| 4:08 | Queue | Villager (Male) |
| 4:24 | Build | Dock |
| 4:27 | Queue | Villager (Male) |
| 4:44 | Queue | Villager (Male) |
| 4:54 | Queue | Villager (Male) |
| 5:06 | Build | House |
| 5:10 | Queue | Fishing Ship |
| 5:13 | Queue | Villager (Male) |
| 5:31 | Build | Palisade Wall |
| 5:36 | Queue | Villager (Male) |
| 5:42 | Build | Palisade Wall |
| 5:48 | Queue | Fishing Ship |
| 5:58 | Build | House |
| 6:11 | Queue | Fishing Ship |
| 6:21 | Queue | Villager (Male) |
| 6:38 | Research | Loom |
| 6:53 | Queue | Fishing Ship |
| 7:10 | Build | Barracks |
| 7:34 | Build | House |
| 7:41 | Research | Feudal Age |
| 7:57 | Queue | Fishing Ship |
| 8:10 | Queue | Militia |
| 8:19 | Queue | Militia |
| 8:50 | Queue | Militia |
| 8:56 | Build | House |
| 8:57 | Build | Palisade Wall |
| 9:09 | Build | House |
| 9:15 | Build | Dock |
| 9:21 | Queue | Villager (Male) |
| 9:51 | Age | Feudal Age |
| 9:53 | Research | Man-at-Arms (upgrade) |
| 9:53 | Research | Man-at-Arms (upgrade) |
| 10:02 | Build | Archery Range |
| 10:07 | Queue | Villager (Male) |
| 10:17 | Queue | Fishing Ship |
| 10:19 | Queue | Villager (Male) |
| 10:22 | Build | Mining Camp |
| 10:27 | Build | Watch Tower |
| 10:32 | Build | House |
| 11:03 | Queue | Skirmisher |
| 11:11 | Queue | Villager (Male) |
| 11:13 | Queue | Fishing Ship |
| 11:13 | Queue | Fishing Ship |
| 11:16 | Queue | Villager (Male) |
| 11:17 | Build | House |
| 11:57 | Queue | Villager (Male) |
| 11:59 | Research | Tech 906 |
| 11:59 | Research | Double-Bit Axe |
| 12:10 | Queue | Archer |
| 12:12 | Queue | Villager (Male) |
| 12:26 | Build | Mining Camp |
| 12:31 | Queue | Villager (Male) |
| 12:41 | Queue | Archer |
| 12:59 | Queue | Villager (Male) |
| 13:03 | Build | Mill |
| 13:04 | Queue | Villager (Male) |
| 13:13 | Queue | Fishing Ship |
| 13:30 | Queue | Villager (Male) |
| 13:32 | Build | House |
| 13:33 | Build | House |
| 13:44 | Build | House |
| 14:09 | Build | Blacksmith |
| 14:11 | Queue | Villager (Male) |
| 14:13 | Queue | Fishing Ship |
| 14:13 | Queue | Fishing Ship |
| 14:37 | Queue | Villager (Male) |
| 14:41 | Build | Market |
| 14:43 | Queue | Villager (Male) |
| 14:58 | Queue | Fishing Ship |
| 15:00 | Queue | Fishing Ship |
| 15:27 | Build | Watch Tower |
| 16:08 | Research | Castle Age |
| 16:11 | Queue | Fishing Ship |
| 16:32 | Build | Mining Camp |
| 16:53 | Research | Scale Barding Armor |
| 16:54 | Queue | Villager (Male) |
| 16:55 | Build | Stable |
| 17:22 | Build | Stable |
| 17:48 | Research | Bloodlines |
| 17:51 | Queue | Fishing Ship |
| 17:52 | Queue | Fishing Ship |
| 17:52 | Queue | Fishing Ship |
| 18:15 | Research | Gold Mining |
| 18:17 | Build | Mining Camp |
| 18:29 | Queue | Fishing Ship |
| 18:30 | Queue | Fishing Ship |
| 18:32 | Build | Lumber Camp |
| 18:35 | Queue | Villager (Male) |
| 18:48 | Age | Castle Age |
| 18:50 | Build | Mining Camp |
| 18:56 | Queue | Knight |
| 18:58 | Research | Bow Saw |
| 18:58 | Research | Bow Saw |
| 19:00 | Queue | Villager (Male) |
| 19:08 | Queue | Knight |
| 19:22 | Queue | Villager (Male) |
| 19:26 | Build | House |
| 19:27 | Build | House |
| 19:30 | Research | Husbandry |
| 19:33 | Queue | Villager (Male) |
| 19:35 | Research | Gillnets |
| 19:35 | Research | Gillnets |
| 19:40 | Build | Dock |
| 20:04 | Queue | Knight |
| 20:10 | Queue | Fire Galley |
| 20:14 | Queue | Knight |
| 20:17 | Queue | Villager (Male) |
| 20:18 | Queue | Knight |
| 20:22 | Queue | Knight |
| 20:28 | Queue | Knight |
| 20:35 | Queue | Villager (Male) |
| 20:44 | Queue | Villager (Male) |
| 20:51 | Queue | Fishing Ship |
| 20:51 | Queue | Fishing Ship |
| 20:59 | Build | Dock |
| 21:19 | Research | Forging |
| 21:24 | Build | House |
| 21:26 | Build | Town Center |
| 21:30 | Build | House |
| 21:40 | Research | Chain Barding Armor |
| 21:43 | Queue | Fire Galley |
| 21:52 | Queue | Villager (Male) |
| 22:12 | Queue | Villager (Male) |
| 22:37 | Queue | Villager (Male) |
| 22:39 | Research | Wheelbarrow |
| 22:41 | Queue | Villager (Male) |
| 22:42 | Build | Lumber Camp |
| 22:44 | Queue | Knight |
| 22:48 | Queue | Fishing Ship |
| 22:48 | Queue | Fishing Ship |
| 23:06 | Build | Farm |
| 23:07 | Queue | Villager (Male) |
| 23:10 | Build | Farm |
Match timeline
| 4:15 | Dakar1 · first_building Dock |
| 4:24 | uel · first_building Dock |
| 5:31 | uel · wall_segment Palisade Wall x1 |
| 5:42 | uel · wall_segment Palisade Wall x1 |
| 7:10 | uel · first_building Barracks |
| 8:37 | Dakar1 · wall_segment Palisade Wall x12 |
| 8:49 | Dakar1 · wall_segment Palisade Wall x4 |
| 8:51 | Dakar1 · wall_segment Palisade Wall x10 |
| 8:57 | uel · wall_segment Palisade Wall x6 |
| 9:22 | Dakar1 · wall_segment Palisade Wall x1 |
| 9:32 | Dakar1 · wall_segment Palisade Wall x1 |
| 9:33 | Dakar1 · wall_segment Palisade Wall x1 |
| 9:34 | Dakar1 · wall_segment Palisade Wall x1 |
| 9:51 | uel · age_up feudal |
| 9:53 | Dakar1 · wall_segment Palisade Wall x1 |
| 9:54 | Dakar1 · wall_segment Palisade Wall x1 |
| 10:02 | uel · first_building Archery Range |
| 11:05 | Dakar1 · age_up feudal |
| 12:59 | Dakar1 · wall_segment Palisade Wall x1 |
| 13:01 | Dakar1 · wall_segment Palisade Wall x1 |
| 13:29 | Dakar1 · wall_segment Stone Wall x1 |
| 13:30 | Dakar1 · wall_segment Stone Wall x1 |
| 13:31 | Dakar1 · wall_segment Stone Wall x1 |
| 13:59 | Dakar1 · wall_segment Palisade Wall x1 |
| 15:38 | uel · first_market_sell 100 wood |
| 16:00 | Dakar1 · first_market_buy 100 stone |
| 16:05 | uel · first_market_buy 100 food |
| 16:55 | uel · first_building Stable |
| 17:09 | Dakar1 · age_up castle |
| 17:19 | Dakar1 · first_market_sell 100 food |
| 17:25 | Dakar1 · first_building Castle |
| 18:48 | uel · age_up castle |
| 24:21 | uel · wall_segment Palisade Wall x1 |
| 24:47 | uel · wall_segment Palisade Wall x1 |
| 25:26 | uel · wall_segment Palisade Wall x1 |
| 26:22 | uel · first_building Monastery |
| 34:56 | uel · first_building Castle |
| 35:34 | Dakar1 · wall_segment Stone Wall x1 |
| 35:36 | Dakar1 · wall_segment Stone Wall x1 |
| 35:37 | Dakar1 · wall_segment Stone Wall x1 |
| 39:36 | uel · age_up imperial |
| 40:35 | Dakar1 · age_up imperial |
| 58:34 | Dakar1 · resign |
[ AI ANALYSIS · 1 CREDIT ]
What really happened in this match?
Wolo.gg analyzes every decision: build order, eco, micro, common mistakes by bracket. Personalized analysis on WhatsApp or Discord in 30 seconds.
Civ guide
Tupi
Perfil
Jugador #10488387